 Dungeon Crawl Stone Soup version 0.23.2-1-ga50397a (webtiles) character file.

Game seed: 5556508275473470693

1050 myga the Magician (level 8, -11/54 HPs)
             Began as a Mummy Necromancer on May 18, 2019.
             Shot with a sling bullet by Joseph (18 damage)
             ... on level 7 of the Dungeon.
             The game lasted 00:26:48 (5550 turns).

myga the Magician (Mummy Necromancer)               Turns: 5550, Time: 00:26:49

Health: -11/54     AC:  5    Str: 11    XL:     8   Next: 5%
Magic:  15/19      EV: 13    Int: 15    God:
Gold:   334        SH:  0    Dex: 18    Spells: 13/22 levels left

rFire    x . .     SeeInvis .   n - +8 morningstar of Big Damage {crush, Dex+4}
rCold    + . .     Gourm    .   (no shield)
rNeg     + + +     Faith    .   a - +0 robe
rPois    ∞         Spirit   .   (no helmet)
rElec    .         Reflect  .   f - +0 cloak
rCorr    .         Harm     .   u - +1 pair of gloves
MR       +....                  (no boots)
Stlth    +++.......             (no amulet)
HPRegen  0.18/turn              (no ring)
MPRegen  0.16/turn              (no ring)

@: no status effects
A: no food or potions, fire vulnerability, cold resistance 1, negative energy
resistance 3, torment resistance, unbreathing
a: no special abilities


You were on level 7 of the Dungeon.
You were not hungry.

You visited 1 branch of the dungeon, and saw 7 of its levels.

You collected 334 gold pieces.

Inventory:

Hand Weapons
 m - a +2 dagger of venom
 n - the +8 morningstar of Big Damage (weapon) {crush, Dex+4}
   (You took it off an orc on level 4 of the Dungeon)

   It inflicts extra damage upon your enemies.
   It affects your dexterity (+4).
Missiles
 b - 267 stones (quivered)
 d - 5 tomahawks
 l - 5 javelins
Armour
 a - a +0 robe (worn)
 f - a +0 cloak (worn)
 u - a +1 pair of gloves (worn)
Magical Staves
 h - an uncursed staff of air
Wands
 o - a wand of enslavement (8)
 s - a wand of digging (9)
Scrolls
 c - a scroll of enchant armour
 e - 5 scrolls of teleportation
 g - a scroll of immolation
 i - a scroll of magic mapping
 j - a scroll of enchant weapon
 k - a scroll of amnesia
 p - 2 scrolls of fear
 q - 3 scrolls of remove curse
 r - a scroll of silence
 t - a scroll of random uselessness {unknown}


   Skills:
 + Level 1.2 Fighting
 + Level 2.0 Maces & Flails
   Level 0.8 Polearms
 + Level 0.3 Throwing
 + Level 2.2 Dodging
 + Level 3.0 Stealth
 + Level 7.6 Spellcasting
 + Level 6.5 Necromancy


You had 13 spell levels left.
You knew the following spells:

 Your Spells              Type           Power        Failure   Level  Hunger
a - Pain                  Necr           ####         1%          1    N/A
b - Animate Skeleton      Necr           N/A          1%          1    N/A
c - Vampiric Draining     Necr           ####......   2%          3    N/A
d - Animate Dead          Necr           N/A          9%          4    N/A

Your spell library contained the following spells:

 Spells                   Type           Power        Failure   Level  Hunger
 Regeneration             Chrm/Necr      Unusable     N/A         3    N/A

Dungeon Overview and Level Annotations

Branches:
Dungeon (7/15)             Temple (0/1) D:4

Altars:
Gozag
Qazlal
Trog
Xom

Annotations:
D:7 Joseph


Innate Abilities, Weirdness & Mutations

You do not eat or drink.
Your flesh is vulnerable to fire.
You are immune to poison.
Your flesh is cold resistant. (rC+)
You are immune to negative energy. (rN+++)
You are immune to unholy pain and torment.
You can survive without breathing.


Message History

Aiming: Pain (safe; 1% risk of failure)
Press: ? - help, Shift-Dir - straight line, f/p - Joseph
Aim: Joseph, wielding a +0 quarterstaff and wearing a +0 leather armour (heavily wounded, chance to defeat MR: 71%) Joseph writhes in agony.
Joseph unwields a +0 quarterstaff.
Joseph wields a +2 hunting sling of velocity.
Joseph shoots a sling bullet.
The sling bullet hits you!
* * * LOW HITPOINT WARNING * * *
x2 You see here a sling bullet.
Casting: Pain (safe; 1% risk of failure)
Confirm with . or Enter, or press ? or * to list all spells.
Okay, then.
Casting: Pain (safe; 1% risk of failure)
Confirm with . or Enter, or press ? or * to list all spells.
Aiming: Pain (safe; 1% risk of failure)
Press: ? - help, Shift-Dir - straight line, f/p - Joseph
Aim: Joseph, wielding a +2 hunting sling of velocity and wearing a +0 leather armour (heavily wounded, chance to defeat MR: 71%) Joseph struggles to resist.
Joseph shoots a sling bullet.
The sling bullet hits you!!
You die...

**,* ****,** *,,,,,,,*********
,,,* *,,* *,,,,,,,#,+∩*,+,* ,***
**,*** *,,,,,,.#**+*+*** ,*
*,.,* ***####.#,+,,,+,* ,* **#.*
#....#**,,,*** ,*
#.######..(.#,+,,,+,* ,**
*###......@....#**+*+*+*
,,*******......#...Z.#.'...*,*,*
,,**,,,,,,*##.#.@..###*####*****
*,,,,****** #......##
,,,,**#***###.......#
,,,,,,..,*#.....###.#
*,,,**...##..#.## *.#
,,*,**#......#.# *.#
,,*,**#........## *.#*
,,,,,,..........# *..#
***,,,..$....##.####.####


You could see Joseph and an elf skeleton.

Vanquished Creatures
  A phantom (D:7)
  A gnoll sergeant (D:4)
  A howler monkey (D:4)
  A crimson imp (D:6)
  A centaur zombie (D:2)
  2 jellies
  4 orc priests
  3 orc wizards
  2 iguanas
  2 worker ants
  A hound skeleton (D:7)
  6 gnolls
  A howler monkey skeleton (D:2)
  7 adders
  2 oozes (D:2)
  An adder skeleton (D:5)
  A worm (D:3)
  A dart slug (D:1)
  5 leopard geckos
  12 orcs
  6 giant cockroaches
  8 goblins
  5 hobgoblins
  2 jackals (D:5)
  3 quokkas
  2 ball pythons (D:1)
  11 bats
  3 frilled lizards
  A jackal skeleton (D:5)
  10 kobolds
  5 rats
111 creatures vanquished.

Vanquished Creatures (collateral kills)
  An ice beast (D:6)
  A howler monkey (D:4)
  A crimson imp (D:6)
  A hound (D:6)
  A gnoll (D:4)
  A shadow imp (D:6)
  A worm (D:2)
  2 orcs (D:4)
  A bat (D:1)
  5 goblins (D:1)
  A kobold (D:1)
  A rat (D:1)
17 creatures vanquished.

Grand Total: 128 creatures vanquished

Notes
Turn   | Place    | Note
-------+----------+-------------------------------------------
     0 | D:1      | myga the Mummy Necromancer began the quest for the Orb.
     0 | D:1      | Reached XP level 1. HP: 13/13 MP: 4/4
     2 | D:1      | Learned a level 1 spell: Animate Skeleton
    95 | D:1      | Reached XP level 2. HP: 19/19 MP: 0/5
   440 | D:1      | Reached skill level 3 in Spellcasting
   694 | D:1      | Reached XP level 3. HP: 24/24 MP: 3/7
   923 | D:2      | Learned a level 3 spell: Vampiric Draining
  1102 | D:2      | Reached skill level 5 in Necromancy
  1324 | D:2      | Reached XP level 4. HP: 28/30 MP: 5/9
  1581 | D:2      | Reached skill level 4 in Spellcasting
  1636 | D:2      | Learned a level 4 spell: Animate Dead
  2439 | D:3      | Reached XP level 5. HP: 35/35 MP: 7/11
  2643 | D:3      | Found a bloodstained altar of Trog.
  2837 | D:4      | Reached skill level 5 in Spellcasting
  2850 | D:4      | Reached XP level 6. HP: 14/41 MP: 1/13
  3123 | D:4      | Identified the +8 morningstar of Big Damage {crush, Dex+4}
  3143 | D:3      | HP: 1/41 [orc wizard/puff of flame (12)]
  3533 | D:4      | Found a staircase to the Ecumenical Temple.
  3547 | D:4      | Reached skill level 6 in Spellcasting
  3957 | D:5      | Entered Level 5 of the Dungeon
  3967 | D:5      | You fall through a shaft!
  4308 | D:5      | Reached XP level 7. HP: 45/47 MP: 16/16
  4384 | D:5      | Found an opulent altar of Gozag.
  4384 | D:5      | Found a shimmering altar of Xom.
  4628 | D:5      | Found a stormy altar of Qazlal.
  4857 | D:6      | Reached skill level 1 in Maces & Flails
  5226 | D:6      | Reached skill level 1 in Fighting
  5226 | D:6      | Reached skill level 7 in Spellcasting
  5534 | D:7      | Reached XP level 8. HP: 42/54 MP: 16/19
  5535 | D:7      | Noticed Joseph
  5550 | D:7      | Shot with a sling bullet by Joseph

Skill      XL: |  1  2  3  4  5  6  7 |
---------------+----------------------+-----
Spellcasting   | 3 4 5 6 7 |  7.6
Necromancy     | 5 6 |  6.5
Stealth        | 2 3 |  3.0
Dodging        | 2 |  2.2
Maces & Flails | 2 |  2.0
Fighting       | 1 |  1.2
Polearms       | |  0.8
Throwing       | |  0.3

Action                   |  1- 3 |  4- 6 |  7- 9 || total
-------------------------+-------+-------+-------++-------
Melee: Dagger            |    45 |     2 |       ||    47
       Spear             |       |    32 |       ||    32
       Staff             |       |     8 |       ||     8
       Morningstar       |       |     9 |    48 ||    57
Throw: Stone             |    11 |     6 |     3 ||    20
       Javelin           |       |     8 |       ||     8
       Tomahawk          |       |       |     1 ||     1
 Cast: Pain              |    61 |    98 |    39 ||   198
       Animate Skeleton  |    20 |    19 |     3 ||    42
       Vampiric Draining |       |     2 |       ||     2
       Animate Dead      |       |     1 |     2 ||     3
  Use: Scroll            |     2 |     7 |     2 ||    11
 Stab: Sleeping          |     4 |     7 |     2 ||    13
       Distracted        |     1 |     1 |       ||     2
Armor: Robe              |    13 |    13 |    10 ||    36
Dodge: Dodged            |    32 |    49 |    41 ||   122
